 Dungeon Crawl Stone Soup version 0.31-a0-339-gda1cbd555d (webtiles) character file.

Game seed: 8307939932802226484

1082 Newt the Slasher (level 8, 0/64 HPs)
             Began as a Merfolk Fighter on July 20, 2023.
             Slain by a gnoll
             ... wielding a +0 halberd
             ... led by a gnoll sergeant
              (7 damage)
             ... on level 6 of the Dungeon.
             The game lasted 00:05:09 (6028 turns).

Newt the Slasher (Merfolk Fighter)                  Turns: 6028, Time: 00:05:09

Health: 0/64       AC:  5    Str: 16    XL:     8   Next: 30%
Magic:  8/8        EV: 13    Int:  7    God:
Gold:   274        SH:  6    Dex: 16    Spells: 7/7 levels left

rFire   . . .        a - +0 long sword
rCold   . . .        c - +1 buckler
rNeg    . . .        x - +0 leather armour {rPois}
rPois   +            m - +1 helmet
rElec   .            (no cloak)
rCorr   .            (no gloves)
SInv    .            (no boots)
Will    .....        (no amulet)
Stlth   +            p - ring of poison resistance
HPRegen 0.30/turn    (no ring)
MPRegen 0.11/turn

%: no passive effects
@: no status effects
A: (nimble swimmer 2), mertail
a: no special abilities


You were on level 6 of the Dungeon.
You visited 1 branch of the dungeon, and saw 6 of its levels.

You collected 280 gold pieces.
You spent 6 gold pieces at shops.

Inventory:

Hand Weapons
 a - a +0 long sword (weapon)
Missiles
 l - 4 throwing nets
 u - 2 boomerangs
Armour
 b - a +0 scale mail
 c - a +1 buckler (worn)
 m - a +1 helmet (worn)
 x - a +0 leather armour of poison resistance (worn)
Jewellery
 i - an amulet of magic regeneration
 p - a ring of poison resistance (left hand)
Wands
 n - a wand of paralysis (7)
 r - a wand of flame (15)
Scrolls
 g - a scroll of revelation
 k - a scroll of immolation {unknown}
 w - a scroll of vulnerability {unknown}
Potions
 d - 2 potions of might
 e - a potion of heal wounds
 f - 2 potions of berserk rage
 h - a potion of magic
 j - a potion of brilliance {unknown}
 o - 2 potions of haste {unknown}
 q - a potion of attraction {unknown}
 s - a potion of mutation {unknown}
 t - a potion of lignification {unknown}
 v - a potion of degeneration {unknown}


   Skills:
 - Level 6.0 Fighting
 - Level 7.0 Long Blades
 - Level 4.0 Armour
 - Level 4.0 Dodging
 - Level 3.0 Shields
 + Level 2.6 Evocations


You had 7 spell levels left.
You didn't know any spells.
Your spell library contained the following spells:

 Spells                   Type           Power      Damage    Failure   Level
 Apportation              Tloc           0%         N/A       58%         1
 Necrotise                Necr           0%         1d4       58%         1
 Summon Small Mammal      Summ           0%         N/A       58%         1
 Cigotuvi's Dreadful Rot  Necr/Pois/Air  0%         N/A       73%         2
 Scorch                   Fire           0%         2d5       73%         2
 Ignite Poison            Fire/Tmut/Pois 0%         N/A       91%         3
 Flame Wave               Conj/Fire      0%         2d4       100%        4
 Freezing Cloud           Conj/Ice/Air   0%         6-21      100%        5
 Summon Cactus Giant      Summ           0%         N/A       100%        6


Dungeon Overview and Level Annotations

Branches:
Dungeon (6/15)
 Temple: D:4-7

Altars:
Cheibriados
Hepliaklqana
Kikubaaqudgha
Ru
Trog
Xom
Yredelemnul

Shops:
D:5 *

Annotations:
D:4 3 runed translucent doors, serozhah's ghost, amateur GnRe


Innate Abilities, Weirdness & Mutations

((You are very nimble when in or above water. (Stealth+, EV+, Speed+++)))
Your lower body shifts to a powerful aquatic tail in water.


Message History

The gnoll sergeant hits you with a +0 spear!
The gnoll hits you from afar with a +0 halberd!
The gnoll shouts!
You are too injured to fight recklessly!
You are too injured to fight recklessly!
You are too injured to fight recklessly!
You are too injured to fight recklessly!
You hit the gnoll sergeant but do no damage.
The gnoll sergeant is lightly wounded.
The gnoll barely misses you.
The gnoll sergeant completely misses you.
You hit the gnoll sergeant but do no damage.
The gnoll sergeant is lightly wounded.
The gnoll sergeant hits you with a +0 spear.
* * * LOW HITPOINT WARNING * * *
The gnoll barely misses you.
You barely miss the gnoll sergeant.
The gnoll sergeant is lightly wounded.
You block the gnoll sergeant's attack. You block the gnoll's attack.
You hit the gnoll sergeant but do no damage.
The gnoll sergeant is lightly wounded.
The gnoll sergeant closely misses you. The gnoll barely misses you.
You slash the gnoll sergeant!
The gnoll sergeant is heavily wounded.
The gnoll sergeant hits you with a +0 spear.
* * * LOW HITPOINT WARNING * * *
The gnoll barely misses you.
You closely miss the gnoll sergeant.
The gnoll sergeant is heavily wounded.
The gnoll sergeant misses you. You block the gnoll's attack.
You hit the gnoll sergeant.
The gnoll sergeant is severely wounded.
The gnoll sergeant hits you with a +0 spear!
* * * LOW HITPOINT WARNING * * *
The gnoll hits you from afar with a +0 halberd.
* * * LOW HITPOINT WARNING * * *
You slash the gnoll sergeant!
You kill the gnoll sergeant!
The gnoll hits you from afar with a +0 halberd!
You die...

.. . #####. gg#..
#)#.# ###### #@#.#
#..... #.#.# #.####
#..###.#.#########.#
#...........#.....#.#
####..#...#.#.###.#.#
..$.##.###.#.#<....#
## #..##..#
#.#.#...#####. ....
#.## #.#...........
..# .. #.####.#####..


You could see 2 gnolls.

Vanquished Creatures
  An orc warrior (D:5)
  2 centaurs (D:4)
  2 ogres (D:4)
  Blork the orc (D:5)
  A bullfrog (D:4)
  A gnoll sergeant (D:6)
  A gnoll bouda (D:5)
  An orc priest (D:2)
  A sleepcap (D:4)
  A jelly (D:4)
  4 iguanas
  An orc wizard (D:5)
  Ijyb (D:4)
  13 gnolls
  3 adders
  An ufetubus (D:4)
  3 worms
  2 dart slugs (D:3)
  9 orcs
  4 ball pythons
  7 endoplasms
  3 giant cockroaches
  5 goblins
  7 hobgoblins
  4 jackals (D:4)
  7 kobolds
  4 quokkas
  8 bats
  2 frilled lizards
  7 rats
107 creatures vanquished.

Notes
Turn   | Place    | Note
-------+----------+-------------------------------------------
     0 | D:1      | Newt the Merfolk Fighter began the quest for the Orb.
     0 | D:1      | Reached XP level 1. HP: 18/18 MP: 1/1
    94 | D:1      | Reached XP level 2. HP: 25/25 MP: 2/2
   325 | D:1      | Reached skill level 3 in Long Blades
   378 | D:1      | Reached XP level 3. HP: 27/30 MP: 3/3
   899 | D:2      | Reached skill level 4 in Long Blades
  1156 | D:2      | Reached XP level 4. HP: 30/37 MP: 4/4
  1629 | D:3      | Found a basalt altar of Yredelemnul.
  1638 | D:3      | Reached skill level 5 in Long Blades
  1672 | D:3      | Found a bloodstained altar of Trog.
  1753 | D:3      | Found Sipez's Antique Weapon Boutique.
  1771 | D:3      | Found a hazy altar of Hepliaklqana.
  1788 | D:3      | Reached skill level 1 in Dodging
  2132 | D:3      | Reached XP level 5. HP: 33/42 MP: 5/5
  2340 | D:4      | Noticed serozhah's ghost (amateur GnRe)
  2369 | D:4      | Noticed a centaur
  2378 | D:4      | Killed a centaur
  2379 | D:4      | Reached XP level 6. HP: 24/48 MP: 6/6
  2515 | D:4      | Reached skill level 6 in Long Blades
  2558 | D:4      | Found a shimmering altar of Xom.
  2869 | D:4      | Reached skill level 7 in Long Blades
  2873 | D:4      | Reached XP level 7. HP: 43/54 MP: 7/7
  3308 | D:4      | Found a runed translucent gate.
  3308 | D:4      | Found a runed translucent gate.
  3309 | D:4      | Found a runed translucent gate.
  3389 | D:4      | Noticed Ijyb
  3408 | D:4      | Killed Ijyb
  3850 | D:5      | Entered Level 5 of the Dungeon
  3855 | D:5      | Found Xezxoan's CLEARANCE SALE!.
  3861 | D:5      | Bought a scroll of identify for 6 gold pieces
  3913 | D:5      | Found a snail-covered altar of Cheibriados.
  4454 | D:5      | Noticed Blork the orc
  4467 | D:5      | Killed Blork the orc
  4468 | D:5      | Reached skill level 5 in Fighting
  4587 | D:5      | Reached XP level 8. HP: 63/63 MP: 8/8
  4605 | D:5      | HP: 3/64 [gnoll/+0 spear[a gnoll bouda] (4)]
  5820 | D:6      | Found an ancient bone altar of Kikubaaqudgha.
  5824 | D:6      | Found a sacrificial altar of Ru.
  6028 | D:6      | Slain by a gnoll

Illustrated notes

Levels and vault maps discovered:
D:1:      scummos_arrival_star, layout_basic
D:2:      layout_basic
D:3:      layout_loops_cross, old_standard_altar,
          mainiacjoe_overflow_tiny_flanked, nicolae_hepliaklqana_hazy_memory,
          serial_shops, shop
D:4:      layout_rooms, lemuel_crystal_altar, gammafunk_ghost_split, uniq_ijyb
D:5:      layout_loops_corners, cheibriados_altar_1,
          nicolae_concentric_dashed_squares_wild, nicolae_shop_clearance,
          uniq_blork_the_orc
D:6:      layout_basic, kennysheep_little_box,
          mainiacjoe_overflow_large_starburst, minmay_temple_entry_arrows,
          serial_shops, nicolae_shop_rolling_square, uniq_grinder

Skill      XL: |  1  2  3  4  5  6  7  8 |
---------------+-------------------------+-----
Fighting       | 4 5 6 |  6.0
Long Blades    | 3 4 5 7 |  7.0
Dodging        | 2 4 |  4.0
Armour         | 4 |  4.0
Evocations     | 2 |  2.6
Shields        | |  3.0

Action                     |  1- 3 |  4- 6 |  7- 9 || total
---------------------------+-------+-------+-------++-------
  Melee: Long sword        |   129 |   108 |   234 ||   471
  Throw: Throwing net      |       |       |     1 ||     1
  Evoke: Wand              |       |       |     2 ||     2
    Use: Scroll            |     1 |     2 |     3 ||     6
         Potion            |     1 |       |     1 ||     2
   Stab: Paralysed         |       |       |     7 ||     7
 Armour: Scale mail        |    75 |    35 |    64 ||   174
         Leather armour    |       |       |     1 ||     1
  Dodge: Dodged            |    64 |    45 |    82 ||   191
  Block: Buckler           |    40 |    37 |    82 ||   159

Table legend: (Time is in decaauts)
 A = Elapsed time spent in this place.
 B = Non-inter-level travel time spent in this place.
 C = Inter-level travel time spent in this place.
 D = Time resting spent in this place.
 E = Time spent auto-exploring this place.
 F = Levels seen in this place.
 G = Mean time per level.
                   A        B        C        D        E       F      G
               +--------+--------+--------+--------+--------+-----+--------+
         Total |   6101 |   5876 |    225 |   1874 |   3090 |   6 | 1016.8 |
       Dungeon |   6101 |   5876 |    225 |   1874 |   3090 |   6 | 1016.8 |
               +--------+--------+--------+--------+--------+-----+--------+

Top non-repeatable levels by time:
     D:4: 1915 daAuts
     D:5: 1583 daAuts
     D:2: 994 daAuts
     D:3: 747 daAuts
     D:1: 644 daAuts
     D:6: 215 daAuts
